Map: [ESL] Waterfall

Players

herO

  • Race: Protoss Protoss
  • Spawn Location: 7:00

Bunny - Winner!

  • Race: Terran Terran
  • Spawn Location: 1:00

Event: DreamHack SC2 Masters 2022 Atlanta (Offline)

VOD

Have the link to the VOD?

Description

Time

  • Played on: Nov. 20, 2022, 4:47 p.m.
  • Length: 8:40

All games in this series

Show
View Real Time Build Order
Export as new Build Order

herO Protoss 

Build Orders: 1 Gate Expand, Blink Stalkers 

Get SALT Encoding   

  12  0:00  Probe  
  13  0:12  Probe  
  14  0:17  Pylon  
  14  0:24  Probe  
  15  0:35  Gateway  
  15  0:36  Probe (Chrono Boost)  
  15  0:42  Assimilator  
  16  0:47  Probe (Chrono Boost)  
  17  0:52  Probe (Chrono Boost)  
  18  1:02  Probe  
  19  1:15  Probe  
  20  1:22  Zealot, Cybernetics Core  
  22  1:38  Nexus  
  22  1:44  Pylon  
  22  1:47  Probe  
  23  1:53  Assimilator  
  23  1:59  Adept (Chrono Boost)  
  23  2:02  Probe  
  23  2:05  Warp Gate  
  26  2:14  Probe  
  27  2:20  Twilight Council  
  27  2:24  Adept  
  27  2:27  Probe  
  30  2:40  Probe  
  30  2:42  Shield Battery  
  29  2:50  Probe  
  30  2:52  Probe  
  30  2:54  Stalker  
  30  2:55  Blink (Chrono Boost)  
  33  3:03  Probe  
  31  3:16  Probe (Chrono Boost)  
  31  3:19  Probe (Chrono Boost)  
  31  3:29  Probe (Chrono Boost)  
  31  3:31  Probe (Chrono Boost)  
  33  3:35  Probe (Chrono Boost)  
  33  3:36  Probe (Chrono Boost)  
  35  3:42  Robotics Facility  
  35  3:45  Probe  
  35  3:47  Probe  
  37  3:53  Stalker  
  39  3:58  Probe  
  39  3:59  Probe  
  41  4:06  Pylon  
  41  4:10  Probe  
  41  4:11  Probe  
  41  4:16  Stalker  
  45  4:22  Probe  
  46  4:24  Probe  
  46  4:27  Assimilator  
  46  4:28  Pylon  
  46  4:29  Observer  
  46  4:30  Assimilator  
  48  4:34  Probe  
  48  4:36  Probe  
  50  4:40  Stalker  
  52  4:46  Probe  
  52  4:48  Probe  
  52  4:51  Immortal (Chrono Boost)  
  58  4:58  Pylon  
  58  5:01  Probe x2  
  58  5:05  Stalker  
  62  5:09  Robotics Bay  
  62  5:16  Shield Battery  
  62  5:25  Immortal (Chrono Boost)  
  66  5:32  Stalker  
  66  5:36  Probe  
  66  5:37  Probe  
  66  5:38  Pylon  
  58  5:54  Shield Battery  
  58  5:55  Stalker  
  60  6:01  Probe x2  
  56  6:07  Pylon  
  52  6:11  Pylon  
  52  6:13  Stalker  
  52  6:15  Probe  
  52  6:16  Probe  
  56  6:23  Colossus (Chrono Boost)  
  56  6:24  Gateway  
  56  6:25  Gateway  
  58  6:33  Gateway  
  58  6:34  Charge (Chrono Boost)  
  58  6:36  Stalker  
  58  6:37  Gateway  
  59  6:41  Extended Thermal Lance  
  59  6:45  Shield Battery  
  59  6:53  Forge  
  59  6:55  Probe x2  
  59  7:00  Pylon  
  61  7:01  Disruptor (Chrono Boost)  
  61  7:02  Stalker  
  66  7:20  Stalker x2  
  70  7:26  Disruptor  
  70  7:27  Zealot  
  75  7:34  Zealot x2  
  76  7:45  Dark Shrine  
  76  7:46  Gateway  
  76  7:54  Zealot x5  
  86  8:01  Pylon, Disruptor  
  63  8:20  Zealot x5  
Show
View Real Time Build Order
Export as new Build Order

Bunny Terran - Winner!

Build Orders:  

Get SALT Encoding   

  12  0:00  SCV  
  13  0:12  SCV  
  14  0:17  Supply Depot  
  14  0:24  SCV  
  15  0:38  SCV  
  15  0:40  Barracks  
  16  0:42  Refinery  
  16  0:50  SCV  
  17  0:59  Barracks  
  17  1:02  SCV  
  18  1:11  Supply Depot  
  18  1:16  SCV  
  19  1:27  Reaper  
  20  1:32  Orbital Command  
  20  1:45  Reaper  
  21  1:59  SCV  
  22  2:01  Reaper  
  23  2:11  SCV  
  23  2:13  Command Center  
  24  2:17  Marine  
  25  2:23  SCV  
  26  2:32  Refinery  
  26  2:33  Marine  
  27  2:43  SCV  
  27  2:44  Factory  
  28  2:46  Marine, Supply Depot  
  29  2:52  Marine  
  29  2:55  SCV  
  31  3:07  Marine  
  31  3:09  Marine  
  32  3:22  SCV  
  32  3:25  Marine  
  33  3:28  Orbital Command  
  33  3:30  Factory Tech Lab  
  33  3:32  Barracks Reactor  
  32  3:34  SCV  
  32  3:39  Starport  
  33  3:43  Marine  
  33  3:46  Bunker  
  33  3:47  SCV  
  35  3:49  Siege Tank  
  35  3:55  SCV  
  39  3:59  SCV  
  39  4:01  Marine  
  41  4:06  Supply Depot  
  41  4:07  SCV  
  41  4:10  Marine x2  
  41  4:12  SCV  
  41  4:15  Medivac  
  46  4:19  SCV  
  46  4:20  Supply Depot  
  47  4:25  Marine, Siege Tank  
  47  4:28  Marine x2  
  47  4:29  SCV  
  47  4:31  SCV  
  55  4:35  Supply Depot  
  55  4:38  Engineering Bay  
  55  4:42  SCV  
  55  4:43  SCV  
  55  4:44  Marine  
  58  4:46  Marine x2  
  60  4:55  Liberator  
  63  5:00  SCV x2  
  63  5:02  Marine  
  63  5:04  Marine x2  
  63  5:06  Supply Depot  
  68  5:09  Supply Depot  
  68  5:21  Barracks Tech Lab  
  68  5:23  Siege Tank  
  68  5:24  SCV  
  68  5:25  SCV  
  68  5:28  Refinery, Barracks  
  71  5:30  Marine x2  
  71  5:43  Marine, SCV x2  
  71  5:47  Marine  
  71  5:48  Marine  
  72  5:55  SCV x2  
  69  6:01  Marine  
  66  6:04  Siege Tank  
  66  6:05  Marine x2  
  66  6:09  SCV x2  
  66  6:11  Stimpack  
  67  6:14  Barracks x2  
  67  6:16  Refinery  
  67  6:19  Marine  
  67  6:20  Barracks Tech Lab  
  67  6:23  Marine  
  67  6:24  Starport Reactor  
  65  6:31  Marine  
  65  6:32  SCV x2  
  68  6:37  Marine, Siege Tank  
  72  6:41  Marine x2  
  72  6:44  Supply Depot  
  74  6:49  Combat Shield, Marine  
  74  6:52  SCV x2  
  77  6:55  Marine  
  77  6:58  Marine  
  81  7:02  Supply Depot, Missile Turret  
  81  7:04  Barracks Tech Lab, Barracks Reactor  
  81  7:05  Marine  
  81  7:07  Marine  
  81  7:12  Engineering Bay  
  81  7:13  Medivac  
  83  7:19  Marauder x2  
  89  7:22  Marine  
  89  7:23  Marauder  
  89  7:25  Marine  
  90  7:31  Supply Depot, Siege Tank  
  90  7:34  Supply Depot  
  93  7:41  Marauder x2  
  97  7:45  Marine x4  
  101  7:56  Marauder  
  101  7:58  Missile Turret  
  103  8:00  Medivac  
  103  8:02  Marauder  
  103  8:05  Marine x3  
  108  8:08  Siege Tank  
  108  8:11  Supply Depot  
  113  8:18  Marauder x2  
Tags
 
Add a new tag
Caveats
  • Supply blocks, unpowered buildings, or Contaminate may cause inaccurate times.
  • Supply counts are checked every 10 seconds.